[Event "Titled Tuesday Blitz June 21 Late 2022"]
[White "Gaisinsky, Adam"]
[Black "Postnikov, Daniil"]
[WhiteFideId "2620561"]
[BlackFideId "4166329"]
[WhiteElo "1965"]
[BlackElo "2261"]
[Result "0-1"]
[Round "04"]
[TimeControl "180+1"]
[Date "2022.06.22"]
[WhiteClock "0:00:02"]
[BlackClock "0:00:04"]

1. e4 e6 2. d4 d5 3. Nc3 Nf6 4. Bg5 Bb4 5. e5 h6 6. Bd2 Bxc3 7. bxc3 Ne4 8. Qg4 Kf8 9. Bd3 Nxd2 10. Kxd2 c5 11. dxc5 Nc6 12. Nf3 Qa5 13. Rhb1 Qxc5 14. Qg3 Na5 15. Rb4 Bd7 16. Nd4 Rc8 17. Bf1 b6 18. f4 g6 19. h4 h5 20. Rab1 Kg7 21. Nb3 Qc6 22. Bb5 Qc7 23. Ba6 Nc4+ 24. Bxc4 dxc4 25. Nd4 Rhd8 26. Ke2 Qc5 27. Qe3 Qd5 28. Kf2 Bc6 29. Rg1 Ba8 30. Rbb1 Qe4 31. Qxe4 Bxe4 32. Ke3 Bd5 33. g4 hxg4 34. Rxg4 Rh8 35. f5 Rh5 36. f6+ Kh7 37. Kf4 Rd8 38. Rbg1 Rh8 39. Kg3 Kg8 40. Kf4 Rxh4 41. Rxh4 Rxh4+ 42. Rg4 Rh5 43. Rg5 Kf8 44. Rxh5 gxh5 45. Kg5 a6 46. Kxh5 Be4 47. Kg5 b5 48. Kf4 Bg6 49. Ke3 Ke8 50. Nc6 Kd7 51. Nb4 a5 52. Na6 Bxc2 53. Kd4 Bg6 54. Kc5 b4 55. Kxc4 bxc3 56. Kxc3 Kc6 57. Kd4 a4 58. Nc5 a3 59. Nb3 Kb5 60. Kc3 Ka4 61. Nc5+ Kb5 62. Nb7 Kc6 63. Nd6 Kd5 64. Kb4 Kxe5 65. Nc4+ Kxf6 66. Kxa3 Bb1 67. Kb2 Be4 68. a4 Bd5 69. Kc3 Ke7 70. Ne3 Bc6 71. Kd4 Bxa4 72. Ke5 f6+ 73. Kf4 Bb5 74. Ke4 Bc6+ 75. Kf4 e5+ 76. Kf5 Bd7+ 77. Ke4 Ke6 78. Kd3 Bc6 79. Nc4 Bb5 0-1


[Site "https://www.chess.com"]

[Event "Titled Tuesday Blitz June 21 Late 2022"]
[White "Gallegos Diaz, Carlos Alberto"]
[Black "Yedidia, Daniel"]
[WhiteFideId "3900886"]
[BlackFideId "30905907"]
[WhiteElo "2362"]
[BlackElo "2593"]
[Result "1-0"]
[Round "04"]
[TimeControl "180+1"]
[Date "2022.06.22"]
[WhiteClock "0:01:09"]
[BlackClock "0:01:23"]

1. e4 e5 2. Nf3 Nc6 3. Bb5 a6 4. Ba4 Nf6 5. d3 b5 6. Bb3 Be7 7. O-O O-O 8. c3 d6 9. Nbd2 Na5 10. Bc2 c5 11. d4 Nc6 12. dxe5 dxe5 13. h3 h6 14. Nh2 Be6 15. Qf3 Nh7 16. Re1 Qc7 17. Ndf1 Rad8 18. Ng3 Bg5 19. Nf5 Bxf5 20. exf5 Bxc1 21. Raxc1 Nf6 22. Ng4 Qe7 23. Qxc6 Nxg4 24. hxg4 Qg5 25. Qxc5 Qxg4 26. Qxe5 f6 27. Qg3 Qh5 28. Re7 g5 29. Qc7 Rfe8 30. Bb3+ Kf8 31. Rf7+ Kg8 32. Rg7+ Kf8 33. Rg8# 1-0


[Site "https://www.chess.com"]

[Event "Titled Tuesday Blitz June 21 Late 2022"]
[White "Gimenez Aguirre, Alejo Ismael"]
[Black "Svicevic, Rastko"]
[WhiteFideId "32041667"]
[BlackFideId "916315"]
[WhiteElo "2031"]
[BlackElo "2049"]
[Result "1-0"]
[Round "04"]
[TimeControl "180+1"]
[Date "2022.06.22"]
[WhiteClock "0:01:24"]
[BlackClock "0:00:19"]

1. e4 c6 2. d4 d5 3. Nd2 dxe4 4. Nxe4 Nf6 5. Nxf6+ exf6 6. Nf3 Bd6 7. Be2 O-O 8. Be3 Qc7 9. Qd2 Bg4 10. O-O-O b5 11. h3 Bh5 12. g4 Bg6 13. h4 Nd7 14. g5 Rfe8 15. Rdg1 Kh8 16. h5 Be4 17. g6 Bxf3 18. Bxf3 Nf8 19. gxh7 Nxh7 20. Rg2 Ng5 21. Be2 Ne4 22. Qd3 Bf4 23. Kb1 Bxe3 24. Qxe3 Ng5 25. Qd2 Rad8 26. c3 c5 27. Bxb5 Re6 28. d5 c4 29. h6 g6 30. Qd4 Rb6 31. Rxg5 Rxb5 32. Qxf6+ 1-0


[Site "https://www.chess.com"]

[Event "Titled Tuesday Blitz June 21 Late 2022"]
[White "Goltseva, Ekaterina"]
[Black "Weisz, Bryan"]
[WhiteFideId "24173770"]
[BlackFideId "30934133"]
[WhiteElo "2086"]
[BlackElo "2252"]
[Result "0-1"]
[Round "04"]
[TimeControl "180+1"]
[Date "2022.06.22"]
[WhiteClock "0:00:20"]
[BlackClock "0:01:15"]

1. d4 d5 2. c4 Bf5 3. cxd5 Bxb1 4. Qa4+ c6 5. Rxb1 Qxd5 6. Nf3 Nd7 7. Bd2 e5 8. e3 e4 9. Ng1 Nb6 10. Qa5 Qxa5 11. Bxa5 Nd5 12. Ne2 Bb4+ 13. Bxb4 Nxb4 14. Nc3 Nf6 15. f3 exf3 16. gxf3 O-O-O 17. a3 Nbd5 18. Kf2 Rhe8 19. Re1 c5 20. Nxd5 Nxd5 21. e4 Nf4 22. d5 f5 23. h4 fxe4 24. fxe4 Ng6 25. Bh3+ Kc7 26. Bf5 Ne5 27. Kg3 g6 28. Be6 Rf8 29. Ref1 Kd6 30. h5 gxh5 31. Rxf8 Rxf8 32. Bf5 Nc4 33. b3 Nxa3 34. Rxh5 b5 35. Rxh7 c4 36. Rxa7 b4 37. bxc4 Nxc4 38. Rb7 Kc5 39. Bg4 Nd6 40. Rc7+ Kd4 41. Bf3 b3 42. e5 b2 43. exd6 b1=Q 44. d7 Qg1+ 45. Bg2 Qf2+ 46. Kh2 Qf4+ 47. Kh1 Qxc7 48. d8=Q Qxd8 49. d6 Qh4+ 50. Kg1 Qf2+ 51. Kh1 Rh8+ 52. Bh3 Rxh3# 0-1


[Site "https://www.chess.com"]

[Event "Titled Tuesday Blitz June 21 Late 2022"]
[White "Golubev, Mikhail"]
[Black "Nilsson, Joakim"]
[WhiteFideId "14100983"]
[BlackFideId "1723383"]
[WhiteElo "2374"]
[BlackElo "2210"]
[Result "1-0"]
[Round "04"]
[TimeControl "180+1"]
[Date "2022.06.22"]
[WhiteClock "0:00:08"]
[BlackClock "0:01:42"]

1. e4 c5 2. Nf3 e6 3. d4 cxd4 4. Nxd4 Nc6 5. Nc3 Qc7 6. Be3 a6 7. a3 Nf6 8. f4 b5 9. e5 Nd5 10. Nxd5 exd5 11. Be2 Bb7 12. Qd2 Bc5 13. Nxb5 axb5 14. Bxc5 Nxe5 15. Qe3 d6 16. Bb6 Qxc2 17. Bxb5+ Kf8 18. fxe5 d4 19. Bxd4 Bxg2 20. Rg1 Bd5 21. e6 Bxe6 22. Bxg7+ Ke7 23. Qg5+ f6 24. Qxf6# 1-0


[Site "https://www.chess.com"]

[Event "Titled Tuesday Blitz June 21 Late 2022"]
[White "Gorodetzky, David"]
[Black "Pinheiro, Iung Alicio de O."]
[WhiteFideId "2813416"]
[BlackFideId "2104350"]
[WhiteElo "2494"]
[BlackElo "2283"]
[Result "1-0"]
[Round "04"]
[TimeControl "180+1"]
[Date "2022.06.21"]
[WhiteClock "0:01:15"]
[BlackClock "0:00:08"]

1. d4 d5 2. Bf4 c5 3. e3 Nc6 4. Nf3 Nf6 5. Nbd2 cxd4 6. exd4 Bg4 7. c3 e6 8. h3 Bh5 9. Qb3 Qc8 10. Nh4 Be7 11. g4 Ne4 12. Nxe4 dxe4 13. gxh5 Bxh4 14. Bg2 f5 15. d5 exd5 16. Qxd5 Bf6 17. O-O-O a6 18. Rhe1 Ne7 19. Qb3 b5 20. f3 e3 21. Rxe3 Qc4 22. Qxc4 bxc4 23. Bf1 Rc8 24. Rd6 Kf7 25. Rxa6 Rhd8 26. Ra4 Nd5 27. Bxc4 Kf8 28. Bxd5 Rxd5 29. Kc2 Rcd8 30. h6 Rd2+ 31. Kb3 Rg2 32. hxg7+ Bxg7 33. Rb4 Rdd2 34. Rb8+ Kf7 35. Rb7+ Kf8 36. Ka3 Rxb2 37. Rxb2 1-0


[Site "https://www.chess.com"]

[Event "Titled Tuesday Blitz June 21 Late 2022"]
[White "Grischuk, Alexander"]
[Black "Lashkin, Jegor"]
[WhiteFideId "4126025"]
[BlackFideId "13907808"]
[WhiteElo "2762"]
[BlackElo "2368"]
[Result "1-0"]
[Round "04"]
[TimeControl "180+1"]
[Date "2022.06.21"]
[WhiteClock "0:00:17"]
[BlackClock "0:00:03"]

1. d4 Nf6 2. Nf3 d5 3. Bf4 e6 4. Nbd2 Bd6 5. Bg5 h6 6. Bxf6 Qxf6 7. e4 Qd8 8. Bd3 c5 9. e5 Be7 10. dxc5 Bxc5 11. Nb3 Bb6 12. Rc1 Nc6 13. c4 dxc4 14. Rxc4 Na5 15. Rg4 O-O 16. O-O Nxb3 17. axb3 Bd7 18. Bb1 Qe7 19. Qd2 Kh8 20. Rh4 Kg8 21. Qd3 g6 22. Qd2 h5 23. Qh6 f5 24. Qxg6+ Qg7 25. Qxh5 Be8 26. Qh6 Qxh6 27. Rxh6 Bf7 28. Ng5 Rae8 29. Bd3 Re7 30. Bc4 Rfe8 31. Rd1 Kg7 32. Nxf7 Kxf7 33. Kf1 Kg7 34. Rf6 Bc7 35. f4 Bb6 36. Rd3 Kh8 37. Rh3+ Rh7 38. Rxh7+ Kxh7 39. Bxe6 Bd4 40. Bxf5+ Kg7 41. Rg6+ Kf7 42. Rd6 Bxb2 43. Rd7+ Re7 44. Rxe7+ Kxe7 45. Ke2 a5 46. Bd3 Bc1 47. Kf3 Ke6 48. Ke4 Ke7 49. h4 Kf7 50. h5 Kg7 51. g4 Ba3 52. g5 1-0


[Site "https://www.chess.com"]

[Event "Titled Tuesday Blitz June 21 Late 2022"]
[White "Gubajdullin, Alexei"]
[Black "Wagner, Dennis"]
[WhiteFideId "4141202"]
[BlackFideId "24650684"]
[WhiteElo "2280"]
[BlackElo "2355"]
[Result "0-1"]
[Round "04"]
[TimeControl "180+1"]
[Date "2022.06.22"]
[WhiteClock "0:00:04"]
[BlackClock "0:00:11"]

1. g3 e5 2. c4 c6 3. Nf3 e4 4. Nd4 d5 5. d3 Bb4+ 6. Nc3 dxc4 7. dxe4 Nf6 8. Bg2 c5 9. Nc2 Bxc3+ 10. bxc3 Qxd1+ 11. Kxd1 O-O 12. Ne3 Be6 13. Kc2 Nc6 14. Nd5 Nd7 15. Nc7 Rac8 16. Nxe6 fxe6 17. f3 h6 18. Bh3 Kf7 19. Rd1 Ke7 20. a4 Na5 21. Bf4 Rc6 22. Be3 Nb3 23. Ra2 b6 24. f4 Nf6 25. Bg2 e5 26. h3 Re6 27. fxe5 Nd7 28. a5 b5 29. a6 Nxe5 30. Ra3 Rd6 31. Re1 Rfd8 32. Bf4 Rd2+ 33. Bxd2 Rxd2+ 34. Kb1 b4 35. cxb4 cxb4 36. Rxb3 cxb3 37. Rc1 Kd6 38. Bf1 Nd7 39. e3 Nc5 40. Bb5 Nxe4 41. Rc6+ Ke5 0-1


[Site "https://www.chess.com"]

[Event "Titled Tuesday Blitz June 21 Late 2022"]
[White "Hansen, Eric"]
[Black "Swiercz, Dariusz"]
[WhiteFideId "2606771"]
[BlackFideId "1126881"]
[WhiteElo "2568"]
[BlackElo "2627"]
[Result "1-0"]
[Round "04"]
[TimeControl "180+1"]
[Date "2022.06.21"]
[WhiteClock "0:00:13"]
[BlackClock "0:00:03"]

1. e4 e5 2. Nf3 Nc6 3. Bb5 a6 4. Ba4 d6 5. c3 Bd7 6. d4 g6 7. O-O Bg7 8. h3 Nf6 9. Re1 O-O 10. d5 Ne7 11. c4 Bxa4 12. Qxa4 Nh5 13. Nc3 h6 14. Be3 f5 15. c5 Nf6 16. Rad1 Kh7 17. b4 fxe4 18. cxd6 cxd6 19. Nd2 Nexd5 20. Nxd5 Nxd5 21. Nxe4 Nxe3 22. Rxd6 Qh4 23. Rxe3 Rad8 24. Rd7 b5 25. Qd1 Rxd7 26. Qxd7 Rd8 27. Qc6 Qe7 28. a3 h5 29. Rg3 Qe8 30. Qxa6 Rd1+ 31. Kh2 Rd4 32. Qb7 Kh6 33. Rf3 Qe6 34. Rf7 Rxe4 35. Rxg7 Rc4 36. Rh7+ Kg5 37. g3 Qf6 38. Kg2 Qd6 39. h4+ Kf5 40. Qf3+ 1-0


[Site "https://www.chess.com"]

[Event "Titled Tuesday Blitz June 21 Late 2022"]
[White "Holt, Conrad"]
[Black "Sarana, Alexey"]
[WhiteFideId "2034387"]
[BlackFideId "24133795"]
[WhiteElo "2586"]
[BlackElo "2666"]
[Result "0-1"]
[Round "04"]
[TimeControl "180+1"]
[Date "2022.06.21"]
[WhiteClock "0:00:02"]
[BlackClock "0:00:17"]

1. d4 Nf6 2. c4 e6 3. Nc3 Bb4 4. Qc2 d5 5. cxd5 exd5 6. Bg5 h6 7. Bxf6 Qxf6 8. a3 Bxc3+ 9. Qxc3 c6 10. e3 O-O 11. Ne2 Nd7 12. Ng3 a5 13. Be2 Re8 14. O-O Nf8 15. b4 axb4 16. axb4 Bd7 17. Nh5 Qd6 18. Nf4 Ng6 19. Nd3 Bf5 20. Nc5 b6 21. Na4 Rab8 22. Rfc1 Bd7 23. Qb2 Nh4 24. Bd3 Qf6 25. Qe2 Qg5 26. g3 Ng6 27. b5 cxb5 28. Bxb5 Bg4 29. Qf1 Re6 30. Rc7 Rf6 31. Rac1 h5 32. f4 Qf5 33. Nc3 h4 34. Bd7 Qh5 35. Nxd5 Rd6 36. Bxg4 Qxg4 37. Qg2 h3 38. Qe4 Re6 0-1


[Site "https://www.chess.com"]

[Event "Titled Tuesday Blitz June 21 Late 2022"]
[White "Indjic, Aleksandar"]
[Black "Sernecki, Franciszek"]
[WhiteFideId "911925"]
[BlackFideId "1169297"]
[WhiteElo "2616"]
[BlackElo "2168"]
[Result "1-0"]
[Round "04"]
[TimeControl "180+1"]
[Date "2022.06.21"]
[WhiteClock "0:01:55"]
[BlackClock "0:00:02"]

1. Nc3 e6 2. d4 d5 3. e4 Bb4 4. e5 Ne7 5. a3 Bxc3+ 6. bxc3 c5 7. h4 Qa5 8. Bd2 Qa4 9. h5 h6 10. Nf3 b6 11. Rh4 Nf5 12. Rf4 cxd4 13. g4 Ne7 14. Nxd4 Qd7 15. Bb5 Nbc6 16. Nxc6 Nxc6 17. Rd4 a6 18. Bxc6 Qxc6 19. a4 a5 20. f4 Ba6 21. Kf2 O-O 22. g5 Qc5 23. Qg4 Kh7 24. Rg1 Rg8 25. f5 Bc8 26. g6+ fxg6 27. hxg6+ Kh8 28. f6 Qf8 29. Qh5 Ra7 30. Rh4 1-0


[Site "https://www.chess.com"]

[Event "Titled Tuesday Blitz June 21 Late 2022"]
[White "Jaracz, Pawel"]
[Black "Richter, Nils"]
[WhiteFideId "1102222"]
[BlackFideId "12990809"]
[WhiteElo "2459"]
[BlackElo "2311"]
[Result "1-0"]
[Round "04"]
[TimeControl "180+1"]
[Date "2022.06.22"]
[WhiteClock "0:00:17"]
[BlackClock "0:00:02"]

1. d4 Nf6 2. c4 c5 3. Nf3 cxd4 4. Nxd4 e6 5. g3 d5 6. Bg2 dxc4 7. Qa4+ Nbd7 8. O-O Bc5 9. Rd1 O-O 10. Qxc4 Qe7 11. Nc3 Nb6 12. Qb3 e5 13. Nf3 Be6 14. Qc2 Nbd5 15. Ng5 Nb4 16. Qb1 Bg4 17. a3 h6 18. axb4 Bxf2+ 19. Kxf2 hxg5 20. Bxg5 Qxb4 21. Bxf6 gxf6 22. Qe4 Qb6+ 23. Qe3 Qxb2 24. Nd5 Kg7 25. Qe4 f5 26. Qe3 f6 27. Rab1 Qa2 28. Rxb7+ Rf7 29. Rxf7+ Kxf7 30. Nb4 f4 31. Qe4 Qxe2+ 32. Qxe2 Bxe2 33. Kxe2 Rh8 34. Rd7+ Ke6 35. Rxa7 Rxh2 36. Kf1 fxg3 37. Ra6+ Kf5 38. Nd5 Rh6 39. Ke2 Kg5 40. Kf3 f5 41. Ra8 Rd6 42. Rg8+ Kh6 43. Kxg3 e4 44. Nf4 Rd2 45. Rf8 Kh7 46. Rxf5 e3 47. Re5 Ra2 48. Rxe3 Rb2 49. Bf3 Rb8 50. Re6 Kg7 51. Kg4 Kf7 52. Ra6 Rb4 53. Bd5+ Ke7 54. Kf5 Rb1 55. Re6+ Kd7 56. Rh6 Rf1 57. Ke5 Re1+ 58. Be4 Kc7 59. Rh7+ Kb6 60. Nd5+ Kc5 61. Rc7+ Kb5 62. Kd4 1-0


[Site "https://www.chess.com"]

[Event "Titled Tuesday Blitz June 21 Late 2022"]
[White "Jian, Alex"]
[Black "Quirke, Jeffrey"]
[WhiteFideId "30901022"]
[BlackFideId "2013029"]
[WhiteElo "2111"]
[BlackElo "2196"]
[Result "1-0"]
[Round "04"]
[TimeControl "180+1"]
[Date "2022.06.22"]
[WhiteClock "0:00:07"]
[BlackClock "0:00:17"]

1. d4 d5 2. c4 e6 3. Nc3 Nf6 4. cxd5 Nxd5 5. e4 Nxc3 6. bxc3 c5 7. Rb1 Be7 8. Nf3 O-O 9. Bd3 Nc6 10. d5 Na5 11. O-O b6 12. c4 exd5 13. cxd5 Bg4 14. Bb2 f6 15. h3 Bh5 16. Be2 Bd6 17. Re1 Qc7 18. Nd2 Bg6 19. Bg4 Rae8 20. Be6+ Bf7 21. Bxf7+ Rxf7 22. Bc3 Rfe7 23. Bxa5 bxa5 24. Qc2 f5 25. f3 Bf4 26. Nc4 fxe4 27. fxe4 Be5 28. Kh1 Rf7 29. Rbd1 Qe7 30. d6 Qg5 31. Nxe5 Qxe5 32. Qc4 Rd8 33. Rf1 Rd7 34. Rxf7 Rxf7 35. d7 1-0


[Site "https://www.chess.com"]

[Event "Titled Tuesday Blitz June 21 Late 2022"]
[White "Jiganchine, Roman"]
[Black "Mei, Austin"]
[WhiteFideId "2603667"]
[BlackFideId "30948479"]
[WhiteElo "2213"]
[BlackElo "1936"]
[Result "0-1"]
[Round "04"]
[TimeControl "180+1"]
[Date "2022.06.22"]
[WhiteClock "0:00:18"]
[BlackClock "0:00:52"]

1. Nf3 f5 2. d3 Nc6 3. e4 e5 4. Nc3 Nf6 5. exf5 d5 6. d4 exd4 7. Nxd4 Nxd4 8. Qxd4 Bxf5 9. Bg5 Bxc2 10. Bb5+ c6 11. O-O Be7 12. Bxf6 Bxf6 13. Rfe1+ Kf7 14. Qd2 Bf5 15. Bd3 Qd7 16. Rad1 Rhe8 17. Rxe8 Rxe8 18. h3 Bxd3 19. Qxd3 Kg8 20. Ne2 Qe6 21. Ng3 g6 22. b4 b6 23. Qa6 Qe7 24. Rc1 c5 25. bxc5 bxc5 26. Qc6 d4 27. Rxc5 Rd8 28. Rd5 Rxd5 29. Qxd5+ Qf7 30. Qa8+ Kg7 31. Qe4 Qxa2 32. Qb7+ Qf7 33. Qe4 Qd7 34. h4 d3 35. Qe1 d2 36. Qd1 Bc3 37. Ne4 Qd3 38. Nxc3 Qxc3 39. h5 Qc1 0-1


[Site "https://www.chess.com"]

[Event "Titled Tuesday Blitz June 21 Late 2022"]
[White "Johnson, Ben"]
[Black "Bachmann, Axel"]
[WhiteFideId "2010917"]
[BlackFideId "3700488"]
[WhiteElo "2154"]
[BlackElo "2587"]
[Result "1-0"]
[Round "04"]
[TimeControl "180+1"]
[Date "2022.06.22"]
[WhiteClock "0:00:51"]
[BlackClock "0:00:59"]

1. Nf3 Nf6 2. c4 g6 3. b3 Bg7 4. Bb2 O-O 5. g3 c6 6. Bg2 d5 7. O-O e6 8. d3 Nbd7 9. Nbd2 a6 10. e4 b5 11. Re1 Bb7 12. e5 Ne8 13. d4 c5 14. h4 bxc4 15. bxc4 Rb8 16. Rb1 Qa5 17. a3 Nc7 18. cxd5 Bxd5 19. Ng5 Bxg2 20. Kxg2 Nd5 21. Nc4 h6 22. Nxa5 1-0


[Site "https://www.chess.com"]

[Event "Titled Tuesday Blitz June 21 Late 2022"]
[White "Kadric, Denis"]
[Black "Zlatin, Alexander"]
[WhiteFideId "14403803"]
[BlackFideId "2810549"]
[WhiteElo "2657"]
[BlackElo "2228"]
[Result "0-1"]
[Round "04"]
[TimeControl "180+1"]
[Date "2022.06.21"]
[WhiteClock "0:00:09"]
[BlackClock "0:00:12"]

1. e4 e5 2. Nf3 Nc6 3. Nc3 Nf6 4. Bb5 Bb4 5. O-O O-O 6. d3 Bxc3 7. bxc3 d6 8. Bg5 Qe7 9. Re1 Nd8 10. d4 Ne6 11. Bc1 c6 12. Bd3 Qc7 13. h3 h6 14. Be3 Rd8 15. Nh4 exd4 16. cxd4 c5 17. c3 c4 18. Bc2 d5 19. f3 b5 20. e5 Nh5 21. Qd2 g5 22. Nf5 Nef4 23. Nxh6+ Kg7 24. Ng4 b4 25. cxb4 c3 26. Qc1 a5 27. bxa5 Rxa5 28. h4 Qe7 29. Nf6 Nxf6 30. exf6+ Qxf6 31. hxg5 Nh3+ 32. gxh3 Qxf3 33. g6 Qg3+ 34. Kf1 Bxh3+ 35. Ke2 Bg4+ 36. Kd3 Bf5+ 37. Kxc3 Rc8+ 38. Kb4 Qd6+ 39. Kxa5 Ra8+ 40. Kb5 Bd7# 0-1


[Site "https://www.chess.com"]

[Event "Titled Tuesday Blitz June 21 Late 2022"]
[White "Kamsky, Gata"]
[Black "Sohal, Tanraj"]
[WhiteFideId "2000024"]
[BlackFideId "2608499"]
[WhiteElo "2645"]
[BlackElo "2200"]
[Result "1/2-1/2"]
[Round "04"]
[TimeControl "180+1"]
[Date "2022.06.21"]
[WhiteClock "0:00:03"]
[BlackClock "0:00:05"]

1. d4 Nf6 2. Nf3 e6 3. Bf4 d5 4. e3 Be7 5. c3 O-O 6. Nbd2 c5 7. Bd3 b6 8. Qe2 Bb7 9. h4 Ne4 10. h5 Nd7 11. Ne5 Nxe5 12. Bxe5 f6 13. Bf4 e5 14. Bxe4 exf4 15. Bf5 fxe3 16. fxe3 Bd6 17. O-O-O Qe7 18. Qd3 h6 19. Rde1 Rae8 20. g4 cxd4 21. exd4 Qxe1+ 22. Rxe1 Rxe1+ 23. Kc2 Rfe8 24. Qb5 R8e7 25. Nf3 Bf4 26. Nxe1 Rxe1 27. Kb3 Re7 28. a4 Bc7 29. a5 Bd8 30. a6 Ba8 31. Qb4 Kf7 32. Qd6 Bc7 33. Bg6+ Kf8 34. Qa3 Bc6 35. Qb4 Bb8 36. Ka2 Bc7 37. c4 dxc4 38. Qxc4 Bd7 39. d5 Bd6 40. Bf5 Bxf5 41. gxf5 Rc7 42. Qe2 Be5 43. Qb5 Ke7 44. b4 Bd6 45. Kb3 Be5 46. Qd3 Bd6 47. Ka4 Be5 48. d6+ Bxd6 49. Qd5 Be5 50. Qe6+ Kf8 51. Kb5 Re7 52. Qc8+ Re8 53. Qb7 Re7 54. Qa8+ Kf7 55. Kc6 Rc7+ 56. Kd5 Re7 57. Qc8 Rc7 58. Qd8 Re7 59. Kc6 Bf4 60. b5 Be5 61. Qd5+ Kf8 62. Qd8+ Kf7 63. Qc8 Bf4 64. Kd5 Be5 65. Qc4 Rc7 66. Qb3 Rc5+ 67. Ke4+ Kf8 68. Qe6 Rc7 69. Qd5 Re7 70. Qa8+ Kf7 71. Kf3 Rc7 72. Qd5+ Kf8 73. Ke2 Re7 74. Kd3 Rc7 75. Qd8+ Kf7 76. Ke4 Re7 77. Kd5 Rc7 78. Qa8 Rc5+ 79. Ke4 Rc4+ 80. Kd3 Rc7 81. Qd5+ Ke7 82. Qg8 Kd6 83. Ke4 Kc5 84. Qd5+ Kb4 85. Kf3 Ka4 86. Ke2 Kb4 87. Kf3 Rc3+ 88. Ke2 Rc2+ 89. Kd1 Rc5 90. Qd7 Rc7 91. Qd5 Ka4 92. Ke2 Kb4 93. Kd1 Ka4 94. Ke2 1/2-1/2


[Site "https://www.chess.com"]

[Event "Titled Tuesday Blitz June 21 Late 2022"]
[White "Kanyamarala, Tarun"]
[Black "Prieto Aranguren, Alain"]
[WhiteFideId "45004714"]
[BlackFideId "2268906"]
[WhiteElo "2219"]
[BlackElo "2224"]
[Result "1-0"]
[Round "04"]
[TimeControl "180+1"]
[Date "2022.06.22"]
[WhiteClock "0:00:13"]
[BlackClock "0:00:04"]

1. e4 c6 2. c4 d5 3. exd5 cxd5 4. d4 Nf6 5. Nf3 g6 6. Nc3 Bg7 7. cxd5 O-O 8. Bc4 Nbd7 9. O-O Nb6 10. Bb3 Nbxd5 11. Ne5 Be6 12. Re1 Rc8 13. Bg5 Qb6 14. Nxd5 Nxd5 15. Bxd5 Bxd5 16. Nd7 Qc6 17. Nxf8 Bxf8 18. Rc1 Qd7 19. Rxc8 Qxc8 20. Bxe7 Bxe7 21. Rxe7 Qf5 22. Qe1 h5 23. h3 Qg5 24. Re8+ Kh7 25. Qf1 Bc6 26. Re3 Qd5 27. f3 Qxd4 28. Qf2 Qd1+ 29. Re1 Qd5 30. b3 a5 31. Qb2 h4 32. Qf6 Qd2 33. Qxh4+ Kg7 34. Qf2 Qb4 35. Qb2+ Kh7 36. Rd1 a4 37. Qf6 Qb6+ 38. Kh1 Qc7 39. Rd8 Be8 40. Rxe8 Qc1+ 41. Kh2 Qc7+ 42. Qe5 1-0


[Site "https://www.chess.com"]

[Event "Titled Tuesday Blitz June 21 Late 2022"]
[White "Keymer, Vincent"]
[Black "Abarca Gonzalez, Nicolas"]
[WhiteFideId "12940690"]
[BlackFideId "3409422"]
[WhiteElo "2548"]
[BlackElo "2504"]
[Result "0-1"]
[Round "04"]
[TimeControl "180+1"]
[Date "2022.06.21"]
[WhiteClock "0:00:04"]
[BlackClock "0:00:06"]

1. Nf3 c5 2. c4 Nc6 3. Nc3 g6 4. e3 Bg7 5. d4 cxd4 6. exd4 d6 7. Be2 Bg4 8. d5 Bxf3 9. Bxf3 Ne5 10. Be2 Qa5 11. Qb3 Nf6 12. Qxb7 O-O 13. Qb5 Qc7 14. O-O Rfc8 15. b3 Rab8 16. Qa4 Nfd7 17. Nb5 Qd8 18. Be3 a6 19. Nd4 Nc5 20. Qa3 Ned3 21. Rad1 Nb4 22. Qb2 a5 23. Qd2 h5 24. a3 Nba6 25. Nc6 Rxc6 26. dxc6 Rxb3 27. Rb1 Rxa3 28. Bf3 a4 29. Rb5 Rd3 30. Qa5 Qxa5 31. Rxa5 Bc3 32. Rb5 Nc7 33. Bxc5 dxc5 34. Rb7 Be5 35. Ra7 a3 36. Re1 Bd6 37. Rd1 Rc3 38. h3 Ne6 39. Ra1 Nc7 40. R7xa3 Rxc4 41. Ra7 Kg7 42. Rd1 Rd4 43. Rb1 c4 44. g3 h4 45. g4 c3 46. Rc1 Rc4 47. Rc2 Rc5 48. Ra3 Be5 49. Ra4 Ne6 50. Be4 Nd4 51. Rc1 Ne2+ 52. Kf1 Nxc1 53. f4 Bd6 54. f5 Nb3 55. Bc2 Nd2+ 56. Ke2 Nc4 57. fxg6 fxg6 58. c7 Rxc7 59. Kd3 Ne5+ 60. Ke3 g5 61. Ke4 Ng6 62. Kd5 Nf4+ 63. Ke4 Nxh3 64. Kf5 Nf2 65. Ra8 e6+ 66. Kxg5 h3 67. Re8 Be7+ 68. Rxe7+ Rxe7 69. Kh4 h2 70. Kg3 h1=Q 71. Kxf2 Qd5 0-1


[Site "https://www.chess.com"]

[Event "Titled Tuesday Blitz June 21 Late 2022"]
[White "Khabinets, Ivan"]
[Black "Shohat, Yotam"]
[WhiteFideId "14115980"]
[BlackFideId "2813955"]
[WhiteElo "2114"]
[BlackElo "2119"]
[Result "1-0"]
[Round "04"]
[TimeControl "180+1"]
[Date "2022.06.22"]
[WhiteClock "0:01:01"]
[BlackClock "0:00:01"]

1. c4 c6 2. Nf3 d5 3. d4 Nf6 4. Nc3 e6 5. g3 dxc4 6. a4 c5 7. dxc5 Qxd1+ 8. Nxd1 Bxc5 9. Ne3 Ne4 10. Bg2 Bb4+ 11. Nd2 Nxd2 12. Bxd2 Bxd2+ 13. Kxd2 Ke7 14. Nxc4 Nc6 15. Bxc6 bxc6 16. e3 f6 17. Rhd1 e5 18. Na5 Bd7 19. Rac1 Rab8 20. Kc3 h5 21. Nb3 c5 22. Nxc5 Bg4 23. f3 Rhc8 24. b4 Bxf3 25. Rd7+ Kf8 26. Rxa7 g5 27. Kd2 Rd8+ 28. Ke1 Kg8 29. b5 Rd5 30. Rb7 Rbd8 31. a5 g4 32. a6 Rd2 33. Rd7 R2xd7 34. Nxd7 Rxd7 35. b6 Rd6 36. b7 Rb6 37. Rc8+ 1-0


[Site "https://www.chess.com"]

[Event "Titled Tuesday Blitz June 21 Late 2022"]
[White "Koc, Przemyslaw"]
[Black "Zhu, Jiner"]
[WhiteFideId "1109081"]
[BlackFideId "8608059"]
[WhiteElo "2134"]
[BlackElo "2281"]
[Result "0-1"]
[Round "04"]
[TimeControl "180+1"]
[Date "2022.06.22"]
[WhiteClock "0:00:05"]
[BlackClock "0:00:41"]

1. d4 Nf6 2. Bg5 d5 3. Nd2 e6 4. e3 Be7 5. Bd3 O-O 6. Ngf3 c5 7. c3 b6 8. O-O Ba6 9. Bxa6 Nxa6 10. Ne5 Nb8 11. f4 Qc7 12. g4 Ne4 13. Bxe7 Qxe7 14. Nxe4 dxe4 15. g5 Nd7 16. Nxd7 Qxd7 17. dxc5 Qb5 18. cxb6 axb6 19. b3 Rfd8 20. Qc2 Rd3 21. c4 Qc5 22. Rfe1 Rad8 23. Qf2 g6 24. Re2 Rc3 25. Rae1 Rdd3 26. h4 Qf5 27. Qg2 Kg7 28. Kf2 e5 29. Qg3 Rxe3 30. Rxe3 exf4 31. Qg2 fxe3+ 32. Kg1 Rd3 33. Qg3 e2 34. Qg2 Qf4 35. Qxe2 Rg3+ 36. Kh1 Qxh4+ 37. Qh2 Rh3 0-1


[Site "https://www.chess.com"]

[Event "Titled Tuesday Blitz June 21 Late 2022"]
[White "Koellner, Ruben Gideon"]
[Black "Mendonca, Leon Luke"]
[WhiteFideId "12993093"]
[BlackFideId "35028561"]
[WhiteElo "2551"]
[BlackElo "2152"]
[Result "0-1"]
[Round "04"]
[TimeControl "180+1"]
[Date "2022.06.22"]
[WhiteClock "0:00:04"]
[BlackClock "0:00:42"]

1. d4 Nf6 2. Bg5 d5 3. e3 e6 4. Nd2 c5 5. c3 Nc6 6. f4 h6 7. Bxf6 gxf6 8. Bd3 f5 9. Ngf3 c4 10. Bc2 Bd7 11. O-O Bd6 12. Ne5 Nxe5 13. fxe5 Bc7 14. Qh5 Qg5 15. Qh3 h5 16. Rf4 f6 17. Nf3 Qg7 18. Rh4 fxe5 19. Rxh5 O-O-O 20. Nxe5 Bxe5 21. dxe5 Qxe5 22. Rxh8 Rxh8 23. Qg3 Qxg3 24. hxg3 Kc7 25. Kf2 Kd6 26. Rb1 b5 27. b3 Bc6 28. Ra1 a5 29. Kg1 b4 30. Rd1 Kc5 31. bxc4 dxc4 32. Rd4 Rb8 33. cxb4+ Rxb4 34. g4 Rb2 35. Bd1 Rxg2+ 36. Kf1 fxg4 37. Rxg4 Rxa2 38. Ke1 a4 39. Rg5+ Kb4 40. Rg8 a3 41. Rb8+ Bb5 42. Bf3 Rb2 43. Bc6 Kc5 44. Bxb5 Rxb5 45. Ra8 Kb4 46. Kd2 Kb3 47. e4 Kb2 48. Ke3 c3 49. Kd3 c2 50. Rc8 c1=Q 51. Rxc1 Kxc1 0-1


[Site "https://www.chess.com"]